 Dungeon Crawl Stone Soup version 0.29.0-11-gd7f09526c8 (webtiles) character file.

Game seed: 17755638098772734817

568 RascalDebosk the Trooper (level 7, -5/54 HPs)
             Began as a Demonspawn Berserker on Sept 6, 2022.
             Was a Believer of Trog.
             Slain by Sigmund
             ... wielding a +0 scythe
              (6 damage)
             ... on level 4 of the Dungeon.
             The game lasted 00:26:06 (4034 turns).

RascalDebosk the Trooper (Demonspawn Berserker)     Turns: 4034, Time: 00:26:06

Health: -5/54      AC: 15    Str: 19    XL:     7   Next: 11%
Magic:  7/7        EV:  6    Int:  9    God:    Trog [**....]
Gold:   196        SH:  0    Dex: 14    Spells: 6/6 levels left

rFire   . . .      SeeInvis .   y - +0 bardiche
rCold   . . .      Faith    .   (shield currently unavailable)
rNeg    + . .      Spirit   .   q - +0 plate armour
rPois   .          Reflect  .   (helmet restricted)
rElec   .          Harm     .   w - +2 cloak {Stlth+}
rCorr   .          Rampage  .   f - +0 pair of gloves
Will    ++...                   (no boots)
Stlth   ..........              (no amulet)
HPRegen 1.18/turn               c - ring of positive energy
MPRegen 0.10/turn               (no ring)

@: strong-willed (expiring), on berserk cooldown, regenerating (expiring),
slowed, very slow
A: antennae 1, thin skeletal structure 1, demonic guardian 1, powered by pain 2
a: Renounce Religion, Berserk, Trog's Hand


You were on level 4 of the Dungeon.
You worshipped Trog.
Trog was pleased with you.
You visited 1 branch of the dungeon, and saw 4 of its levels.

You collected 196 gold pieces.

Inventory:

Hand Weapons
 j - a +2 antimagic war axe
 v - a +4 quarterstaff of chaos
 y - a +0 bardiche (weapon)
Armour
 f - a +0 pair of gloves (worn)
 q - a +0 plate armour (worn)
 w - a +2 cloak of stealth (worn)
Jewellery
 c - a ring of positive energy (left hand)
Wands
 a - a wand of charming (9)
 r - a wand of roots (12)
Scrolls
 d - a scroll of noise {unknown}
 g - a scroll of acquirement {unknown}
 k - 2 scrolls of enchant armour
 l - a scroll of blinking {unknown}
 n - a scroll of magic mapping {unknown}
 o - 2 scrolls of enchant weapon {unknown}
 p - a scroll of summoning {unknown}
 t - a scroll of amnesia {unknown}
 u - 2 scrolls of teleportation
 x - a scroll of immolation {unknown}
Potions
 b - 2 potions of berserk rage {unknown}
 e - a potion of lignification {unknown}
 h - 2 potions of heal wounds
 i - 2 potions of resistance {unknown}
 m - 3 potions of curing
 s - a potion of degeneration {unknown}
 z - a potion of magic {unknown}
 A - a potion of might {unknown}


   Skills:
 + Level 4.3 Fighting
 + Level 3.9 Polearms
 + Level 2.5 Throwing
 + Level 3.2 Armour
 + Level 3.2 Dodging
 + Level 2.6 Evocations


You had 6 spell levels left.
You didn't know any spells.
Your spell library was empty.

Dungeon Overview and Level Annotations

Branches:
Dungeon (4/15)
 Temple: D:4-7

Altars:
Ashenzari
Cheibriados
Dithmenos
Hepliaklqana
Ru
Sif Muna
Trog
Uskayaw
Wu Jian

Annotations:
D:4 Grinder, Sigmund


Innate Abilities, Weirdness & Mutations

You have a pair of small antennae on your head.
You have a somewhat thin skeletal structure. (Dex +2, Stealth+)
A weak demonic guardian rushes to your aid.
You sometimes gain power by taking damage.


Message History

The roots erupt in riotous growth!
The phantom is unaffected.
Grinder is unaffected.
The grasping roots grab you! The grasping roots constrict you.
Something hits you.
The phantom hits you but does no damage.
The grasping roots constrict you.
You barely miss Grinder.
The phantom hits you but does no damage.
You hear some strange, mumbled words.
Something tries to affect you, but you resist.
Grinder hits you.
* * * LOW HITPOINT WARNING * * *
You writhe in agony.
* * * LOW HITPOINT WARNING * * *
The grasping roots constrict you.
Your iron imp completely misses something.
The phantom hits you but does no damage.
Grinder hits you.
* * * LOW HITPOINT WARNING * * *
You writhe in agony.
* * * LOW HITPOINT WARNING * * *
A demonic guardian appears!
Something hits you.
* * * LOW HITPOINT WARNING * * *
The grasping roots constrict you.
Your iron imp closely misses something.
The grasping roots release their grip on you.
You slash Grinder!
Grinder is moderately wounded.
Your iron imp disappears in a puff of smoke!
Grinder hits you but does no damage.
The phantom hits you but does no damage.
Something hits you.
* * * LOW HITPOINT WARNING * * *
Your shadow imp closely misses Grinder.
Grinder gestures at you. You resist with almost no effort.
The phantom hits you but does no damage.
Your shadow imp closely misses Grinder.
Grinder hits you.
* * * LOW HITPOINT WARNING * * *
Something hits you.
You die...

##.).)......##
##..........#
#....>.....#
.............#
###...........#
##........ยง.#
##.......{##
........W.#
.......g5@#
........5#
.........#
.........#
.......##
......# ######


You could see Grinder (ally target), a phantom, a gnoll and a friendly shadow
imp (summoned).

Vanquished Creatures
  2 black bears (D:4)
  Blork the orc (D:4)
  A scorpion (D:4)
  A hound (D:4)
  A gnoll bouda (D:4)
  A jelly (D:3)
  Crazy Yiuf (D:3)
  2 gnolls (D:4)
  3 adders
  3 worms
  2 dart slugs (D:2)
  11 ball pythons
  9 endoplasms
  6 giant cockroaches
  4 goblins
  6 hobgoblins
  12 jackals
  5 kobolds
  3 quokkas
  9 bats
  5 frilled lizards
  9 rats
97 creatures vanquished.

Notes
Turn   | Place    | Note
-------+----------+-------------------------------------------
     0 | D:1      | RascalDebosk the Demonspawn Berserker began the quest for
                  | the Orb.
     0 | D:1      | Reached XP level 1. HP: 18/18 MP: 1/1
   330 | D:1      | Found a faded altar of an unknown god.
   365 | D:1      | Gained mutation: You have a pair of small antennae on your
                  | head. [demonic ancestry]
   365 | D:1      | Reached XP level 2. HP: 10/24 MP: 2/2
  1054 | D:1      | Gained mutation: You sometimes gain a little power by
                  | taking damage. [demonic ancestry]
  1054 | D:1      | Reached XP level 3. HP: 24/29 MP: 3/3
  1064 | D:1      | Reached ** piety under Trog
  1816 | D:2      | Reached skill level 1 in Throwing
  1816 | D:2      | Reached skill level 1 in Evocations
  1909 | D:2      | Gained mutation: You sometimes gain power by taking damage.
                  | [demonic ancestry]
  1909 | D:2      | Reached XP level 4. HP: 29/35 MP: 4/4
  2817 | D:3      | Found a runed translucent door.
  2818 | D:3      | Noticed Crazy Yiuf
  2830 | D:3      | Killed Crazy Yiuf
  3121 | D:3      | Found a hazy altar of Hepliaklqana.
  3247 | D:3      | Reached XP level 5. HP: 37/41 MP: 5/5
  3439 | D:3      | Found a shimmering blue altar of Sif Muna.
  3441 | D:3      | Found a sacrificial altar of Ru.
  3442 | D:3      | Found a broken altar of Ashenzari.
  3444 | D:3      | Found a snail-covered altar of Cheibriados.
  3444 | D:3      | Found a shadowy altar of Dithmenos.
  3445 | D:3      | Found a hide-covered altar of Uskayaw.
  3447 | D:3      | Found an ornate altar of the Wu Jian Council.
  3447 | D:3      | Found a bloodstained altar of Trog.
  3637 | D:4      | Noticed Blork the orc
  3651 | D:4      | Killed Blork the orc
  3651 | D:4      | Noticed a black bear
  3655 | D:4      | Gained mutation: A weak demonic guardian rushes to your
                  | aid. [demonic ancestry]
  3655 | D:4      | Reached XP level 6. HP: 34/48 MP: 6/6
  3658 | D:4      | Reached skill level 4 in Fighting
  3881 | D:4      | Gained mutation: You have a somewhat thin skeletal
                  | structure. (Dex +2, Stealth+) [demonic ancestry]
  3881 | D:4      | Reached XP level 7. HP: 48/54 MP: 7/7
  4012 | D:4      | Noticed Sigmund
  4015 | D:4      | Noticed Grinder
  4027 | D:4      | Paralysed by Grinder for 4 turns
  4034 | D:4      | HP: 1/54 [Grinder (4)]
  4034 | D:4      | Slain by Sigmund

Illustrated notes

Levels and vault maps discovered:
D:1:      amcnicky_arrival_flooded_fountain, layout_basic,
          hellmonk_ecumenical_altar_lost_god
D:2:      layout_basic, minmay_tromino_v4_a
D:3:      layout_rooms, nicolae_overflows_in_rows, minmay_quadrilaterals,
          uniq_crazy_yiuf_cottage
D:4:      layout_rooms, uniq_grinder, uniq_blork_the_orc, uniq_sigmund

Skill      XL: |  1  2  3  4  5  6 |
---------------+-------------------+-----
Armour         | 2 3 |  3.2
Dodging        | 2 3 |  3.2
Polearms       | 3 |  3.9
Throwing       | 1 2 |  2.5
Evocations     | 1 2 |  2.6
Fighting       | 4 |  4.3

Action                   |  1- 3 |  4- 6 |  7- 9 || total
-------------------------+-------+-------+-------++-------
Melee: Spear             |   163 |    42 |       ||   205
       Punch             |     1 |       |       ||     1
       Quarterstaff      |       |    21 |       ||    21
       War axe           |       |    15 |       ||    15
       Bardiche          |       |    63 |    14 ||    77
Invok: Berserk           |     2 |     2 |     1 ||     5
       Trog's Hand       |       |     1 |     1 ||     2
Evoke: Wand              |       |     1 |       ||     1
  Use: Scroll            |       |     4 |       ||     4
       Potion            |       |       |     1 ||     1
Armor: Animal skin       |     8 |       |       ||     8
       Robe              |    32 |       |       ||    32
       Scale mail        |    32 |    16 |       ||    48
       Plate armour      |       |   142 |    29 ||   171
Dodge: Dodged            |   126 |    76 |    11 ||   213
